 Dungeon Crawl Stone Soup version 0.21.1-1-g345015fe64 (webtiles) character file.

979 Htamos the Magician (level 8, -2/52 HPs)
             Began as a Human Wizard on July 17, 2018.
             Was an Initiate of Vehumet.
             Slain by a black bear (4 damage)
             ... on level 7 of the Dungeon.
             The game lasted 00:19:00 (9891 turns).

Htamos the Magician (Human Wizard)                  Turns: 9891, Time: 00:19:01

Health: -2/52      AC:  5    Str:  7    XL:     8   Next: 40%
Magic:  25/26      EV: 11    Int: 21    God:    Vehumet [......]
Gold:   380        SH:  0    Dex: 12    Spells: 4/19 levels left

rFire    . . .     SeeInvis .   e - +0 dagger (venom)
rCold    . . .     Gourm    .   (no shield)
rNeg     . . .     Faith    .   l - +0 leather armour (curse)
rPois    .         Spirit   .   b - +0 hat
rElec    .         Reflect  .   r - +0 cloak
rCorr    .         Harm     .   (no gloves)
MR       .....                  x - +0 pair of boots (curse)
Stlth    +++.......             o - amulet of rage
HPRegen  0.17/turn              f - ring of stealth
MPRegen  0.20/turn              w - ring of magical power

@: invisible
A: no striking features
a: Renounce Religion, Evoke Berserk Rage


You were on level 7 of the Dungeon.
You worshipped Vehumet.
Vehumet was noncommittal.
You were hungry.

You visited 2 branches of the dungeon, and saw 8 of its levels.

You collected 380 gold pieces.

Inventory:

Hand Weapons
 e - a +0 dagger of venom (weapon)
 n - a +0 hand axe
 s - a -1 dagger
 u - a +0 blowgun
 A - a +3 dagger
Missiles
 t - 22 poisoned needles
Armour
 a - a +0 robe
 b - a +0 hat (worn)
 l - a cursed +0 leather armour (worn)
 r - a +0 cloak (worn)
 x - a cursed +0 pair of boots (worn)
Jewellery
 f - a ring of stealth (left hand)
 o - an amulet of rage (around neck)
 w - a ring of magical power (right hand)
Scrolls
 p - 3 scrolls of identify
 B - 4 scrolls of remove curse
Potions
 h - a potion of haste
 j - a potion of cancellation
 m - a potion of resistance
 q - a potion of flight
 v - a potion of heal wounds {unknown}
 z - a potion of berserk rage {unknown}
Books
 c - a book of Minor Magic

   Spells                             Type                      Level
   a - Magic Dart                     Conjuration                  1
   b - Blink                          Translocation                2
   c - Call Imp                       Summoning                    2
   d - Slow                           Hexes                        2
   e - Conjure Flame                  Conjuration/Fire             3
   f - Mephitic Cloud                 Conjuration/Poison/Air       3
 y - the Handbook of Dislocated Attacks
   (You acquired it on level 7 of the Dungeon)

   Spells                             Type                      Level
   a - Recall                         Summoning/Translocation      3
   b - Sticky Flame                   Conjuration/Fire             4
   c - Fulminant Prism                Conjuration/Hexes            4
   d - Lightning Bolt                 Conjuration/Air              5
Comestibles
 d - 14 rations
 C - 5 chunks of flesh


   Skills:
 - Level 2.0 Dodging
 - Level 2.0 Stealth
 + Level 6.2 Spellcasting
 + Level 5.9 Conjurations
 - Level 1.0 Summonings
 + Level 2.0 Translocations
 + Level 1.3 Fire Magic
 + Level 1.3 Air Magic
 + Level 1.3 Poison Magic


You had 4 spell levels left.
You knew the following spells:

 Your Spells              Type           Power        Failure   Level  Hunger
a - Magic Dart            Conj           ####         1%          1    None
b - Blink                 Tloc           N/A          10%         2    None
c - Call Imp              Summ           ##......     14%         2    None
d - Conjure Flame         Conj/Fire      ###.....     10%         3    #......
e - Mephitic Cloud        Conj/Pois/Air  ###.....     13%         3    #......
f - Fulminant Prism       Conj/Hex       ###.......   38%         4    ###....


Dungeon Overview and Level Annotations

Branches:
Dungeon (7/15)             Temple (1/1) D:4

Altars:
Cheibriados
Dithmenos
Elyvilon
Gozag
Hepliaklqana
Kikubaaqudgha
Makhleb
Nemelex Xobeh
Okawaru
Qazlal
Ru
Trog
Uskayaw
Vehumet
Wu Jian
Xom
Zin
The Shining One

Shops:
D:7 }


Message History

Your magical effects are unravelling.
You feel magically purged.
You feel less wooden.
Your +0 cloak unmelds from your body.
Your +0 hat unmelds from your body.
Your cursed +0 pair of boots unmelds from your body.
Your cursed +0 leather armour unmelds from your body.
The black bear barely misses you. The black bear claws you.
* * * LOW HITPOINT WARNING * * *
The black bear claws you.
* * * LOW HITPOINT WARNING * * *
Unknown command.
You fade into invisibility!
The black bear bites you.
* * * LOW HITPOINT WARNING * * *
The black bear claws you.
* * * LOW HITPOINT WARNING * * *
The black bear claws you.
* * * LOW HITPOINT WARNING * * *
The black bear closely misses you. The black bear claws you.
You die...

#.## ##.#. #..#.###
#..... ##.$..#######
#.$.#.......#
#...H..####.#
#..#h#.# #.# ### #
#@#.####.###.....
#....#..............
#.......###.########
#....##.# #.#
#....##.###.#
#....#...##.##
#............# ####
##...#...###.# #.S.≈
#...##.## #.###.....


You could see a hippogriff and a black bear (berserk).

Vanquished Creatures
  A phantom (D:5)
  A gnoll sergeant (D:6)
  A scorpion (D:5)
  A howler monkey (D:4)
  A crimson imp (D:6)
  A quasit (D:6)
  A jelly (D:6)
  3 orc priests
  A centaur skeleton (D:7)
  An iguana (D:6)
  4 orc wizards
  4 worker ants
  2 hound skeletons
  A worker ant zombie (D:4)
  3 howler monkey skeletons (D:6)
  6 gnolls
  5 adders
  An adder zombie (D:5)
  6 worms
  2 dart slugs
  4 leopard geckos
  14 orcs
  9 giant cockroaches
  3 goblins
  10 hobgoblins
  6 jackals
  2 quokkas
  5 ball pythons
  5 bats
  5 frilled lizards
  10 kobolds
  7 rats
126 creatures vanquished.

Vanquished Creatures (others)
  A goblin (D:3)
1 creature vanquished.

Grand Total: 127 creatures vanquished

Notes
Turn   | Place    | Note
-------+----------+-------------------------------------------
     0 | D:1      | Htamos the Human Wizard began the quest for the Orb.
     0 | D:1      | Reached XP level 1. HP: 13/13 MP: 4/4
   325 | D:1      | Reached XP level 2. HP: 17/19 MP: 1/6
   763 | D:1      | Reached XP level 3. HP: 24/24 MP: 5/7
  1208 | D:1      | You fall through a shaft!
  2219 | D:3      | Reached XP level 4. HP: 30/30 MP: 5/9
  2453 | D:3      | Reached skill level 4 in Spellcasting
  2534 | D:3      | Reached XP level 5. HP: 35/35 MP: 7/11
  2646 | D:3      | Found a faded altar of an unknown god.
  3241 | D:3      | Found a white marble altar of Elyvilon.
  3595 | D:3      | Reached XP level 6. HP: 24/41 MP: 1/12
  4610 | D:4      | Reached skill level 5 in Spellcasting
  4710 | D:4      | Found a staircase to the Ecumenical Temple.
  4815 | Temple   | Entered the Ecumenical Temple
  4966 | Temple   | Became a worshipper of Vehumet
  5563 | D:4      | Reached XP level 7. HP: 25/46 MP: 10/14
  6286 | D:5      | Entered Level 5 of the Dungeon
  6890 | D:5      | Reached skill level 5 in Conjurations
  7495 | D:6      | Learned a level 2 spell: Blink
  7498 | D:6      | Learned a level 2 spell: Call Imp
  7502 | D:6      | Learned a level 3 spell: Conjure Flame
  7506 | D:6      | Learned a level 3 spell: Mephitic Cloud
  7755 | D:6      | Found a snail-covered altar of Cheibriados.
  8203 | D:6      | Reached skill level 6 in Spellcasting
  8494 | D:6      | Reached XP level 8. HP: 52/52 MP: 17/17
  9064 | D:6      | Reached skill level 1 in Fire Magic
  9064 | D:6      | Reached skill level 1 in Air Magic
  9064 | D:6      | Reached skill level 1 in Poison Magic
  9773 | D:7      | Identified a scroll of acquirement
  9773 | D:7      | Identified the Handbook of Dislocated Attacks (You acquired it on level 7 of the Dungeon)
  9782 | D:7      | Learned a level 4 spell: Fulminant Prism
  9883 | D:7      | Noticed a hippogriff
  9885 | D:7      | Found Jukk's Gadget Boutique.
  9891 | D:7      | HP: 2/52 [black bear (2)]
  9891 | D:7      | Slain by a black bear

Skill      XL: |  1  2  3  4  5  6  7  8 |
---------------+-------------------------+-----
Conjurations   | 2 3 4 5 |  5.9
Spellcasting   | 4 5 6 |  6.2
Fire Magic     | 1 |  1.3
Air Magic      | 1 |  1.3
Poison Magic   | 1 |  1.3
Translocations | 2 |  2.0
Dodging        | |  2.0
Stealth        | |  2.0
Summonings     | |  1.0

Action                   |  1- 3 |  4- 6 |  7- 9 || total
-------------------------+-------+-------+-------++-------
Melee: Unarmed           |     7 |       |       ||     7
       Hand axe          |     4 |     3 |       ||     7
       Dagger            |       |    34 |   112 ||   146
 Fire: Blowgun           |       |     4 |       ||     4
 Cast: Magic Dart        |    88 |   163 |   105 ||   356
  Use: Scroll            |     6 |     5 |     5 ||    16
       Potion            |       |       |     8 ||     8
 Stab: Sleeping          |       |       |     1 ||     1
  Eat: Chunk             |     3 |    11 |     6 ||    20
       Ration            |       |       |     2 ||     2
Armor: Robe              |     7 |     3 |    15 ||    25
       Skin              |       |       |    27 ||    27
       Leather armour    |       |       |     4 ||     4
Dodge: Dodged            |    19 |    36 |    78 ||   133
